 Dungeon Crawl Stone Soup version 0.30-a0-341-g682706514a (webtiles) character file.

Game seed: 15473161860475085371

259 Elric the Trooper (level 6, -4/48 HPs)
             Began as a Djinni Cinder Acolyte on Nov 2, 2022.
             Was a High Priest of Ignis.
             Slain by Duvessa
             ... wielding a +4 short sword of venom
              (13 damage)
             ... on level 4 of the Dungeon.
             The game lasted 00:05:14 (2875 turns).

Elric the Trooper (Djinni Cinder Acolyte)           Turns: 2875, Time: 00:05:14

Health: -4/48      AC:  3    Str: 18    XL:     6   Next: 40%
Gold:   224        EV: 11    Int: 18    God:    Ignis [*****.] SH:  0 Dex: 10

rFire   + + +      SeeInvis .    j - +8 mace of Brawling {spect, Str+5}
rCold   . . .      Faith    .    v - orb {mayhem}
rNeg    . . .      Spirit   .    t - +1 robe of Dishonesty {Dex+2}
rPois   ∞          Reflect  .    (no helmet)
rElec   +          Harm     .    (no cloak)
rCorr   +          Rampage  .    (no gloves)
Will    +....                    (boots unavailable)
Stlth   +.........               (no amulet)
HPRegen 0.28/turn                p - ring of willpower
MPRegen 0.00/turn                (no ring)

@: resistant, flying
A: sickness immunity, fire resistance 2, cold vulnerability 1, float, innate
caster, HP casting, extra vitality 1
a: Renounce Religion, Fiery Armour, Foxfire Swarm, Rising Flame


You were on level 4 of the Dungeon.
You worshipped Ignis.
Ignis was extremely pleased with you.
You visited 1 branch of the dungeon, and saw 4 of its levels.

You collected 224 gold pieces.

Inventory:

Hand Weapons
 a - a -1 mace of flaming
 j - the +8 mace of Brawling (weapon) {spect, Str+5}
   (You found it on level 2 of the Dungeon)

   When its wielder attacks, the weapon's spirit leaps out and strikes again.
   The spirit shares a part of any damage it takes with its wielder.
   Str:       It affects your strength (+5).
Armour
 b - a +0 robe
 t - the +1 robe of Dishonesty (worn) {Dex+2}
   (You found it on level 3 of the Dungeon)

   Dex:       It affects your dexterity (+2).
 v - an orb of mayhem (worn)
Jewellery
 p - a ring of willpower (left hand)
Scrolls
 c - 2 scrolls of fear {unknown}
 f - 8 scrolls of identify {unknown}
 k - 4 scrolls of poison {unknown}
 l - 2 scrolls of enchant weapon {unknown}
 m - a scroll of blinking {unknown}
 n - a scroll of silence {unknown}
 o - a scroll of butterflies {unknown}
 u - a scroll of amnesia {unknown}
Potions
 d - 2 potions of resistance
 e - 2 potions of berserk rage {unknown}
 g - a potion of heal wounds
 h - a potion of magic {unknown}
 i - a potion of curing {unknown}
 q - 2 potions of attraction {unknown}
 r - a potion of lignification {unknown}
 s - a potion of flight {unknown}


   Skills:
 + Level 4.5 Fighting
 + Level 3.8 Maces & Flails
 + Level 3.5 Spellcasting


You had 7 spell levels left.
You knew the following spells:

 Your Spells              Type           Power      Damage    Failure   Level
a - Scorch                Fire           30%        2d7       5%          2
b - Magic Dart            Conj           60%        1d6       3%          1
c - Momentum Strike       Conj/Tloc      30%        3d8       5%          2
Your spell library was empty.

Dungeon Overview and Level Annotations

Branches:
Dungeon (4/15)
 Temple: D:4-7

Altars:
Nemelex Xobeh
Wu Jian

Shops:
D:2 :   D:3 (

Annotations:
D:4 Duvessa


Innate Abilities, Weirdness & Mutations

You are immune to sickness and miasma.
You are immune to poison.
Your flesh is very heat resistant. (rF++)
You are vulnerable to cold. (rC-)
You float through the air rather than walking.
You learn spells naturally, not from books.
Your magical power is your life essence.
You have superior vitality. (+4 MHP)


Message History

Dowan barely misses you.
Casting: Scorch (safe; 6% risk of failure)
Confirm with . or Enter, or press ? or * to list all spells.
Flames lash Dowan.
Dowan is severely wounded.
Dowan's fire resistance burns away.
Dowan hits you but does no damage. Dowan hits you with a +0 dagger.
You hit Dowan.
Dowan is almost dead.
Dowan closely misses you.
You sock Dowan!
You kill Dowan!
You hear a distant scream of rage.
Duvessa, Sister of Dowan comes into view.
She is wielding a +4 short sword of venom.
Casting: Scorch (safe; 5% risk of failure)
Confirm with . or Enter, or press ? or * to list all spells.
Flames lash Duvessa.
Duvessa is lightly wounded.
Duvessa's fire resistance burns away.
Duvessa goes berserk!
Duvessa hits you with a +4 short sword of venom!
* * * LOW HITPOINT WARNING * * *
You hit Duvessa but do no damage.
Duvessa is lightly wounded.
Your +8 mace of Brawling {spect, Str+5} hits Duvessa!
Duvessa hits your +8 mace of Brawling {spect, Str+5} with a +4 short sword of venom. x2
Your spectral weapon shares its damage with you!
* * * LOW HITPOINT WARNING * * *
It was a potion of resistance.
You feel protected. Duvessa closely misses you.
It was a potion of heal wounds.
You feel much better.
Duvessa is no longer more vulnerable to fire.
Duvessa hits you with a +4 short sword of venom! x2
* * * LOW HITPOINT WARNING * * *
You hit Duvessa.
Duvessa is heavily wounded.
Your +8 mace of Brawling {spect, Str+5} hits Duvessa!
Duvessa closely misses you.
Duvessa hits you with a +4 short sword of venom!
You die...

.. #.........##.# .
.#############.#
.##....#.##### #.# ####
....#.#.....# #.#
.......#.#.#.###.# #.#
...#.#.#.#.# #.# #.# ..
...#.#.#)# #.# #.#
.#..###.#.#.#.# #.####.#
......§(@...#)###......#
.....#e#.##...####....#
..# #)#.##.#..##.)#..#
..#<...#......#..#
.....##.##....##..#
......##.##....##..#
.......#...##..##...#
#.......#...##..##...#
#.......#....####...##


You could see Duvessa (berserk) and a friendly +8 mace of Brawling {spect,
Str+5} (summoned).

Vanquished Creatures
  An ogre (D:4)
  Dowan (D:4)
  An orc priest (D:4)
  2 adders (D:2)
  An ufetubus (D:4)
  2 worms
  2 dart slugs
  3 orcs (D:4)
  5 endoplasms
  2 giant cockroaches
  5 goblins
  5 hobgoblins
  11 jackals
  3 quokkas
  6 ball pythons
  7 bats
  2 frilled lizards (D:2)
  6 kobolds
65 creatures vanquished.

Vanquished Creatures (others)
  An orc (D:4)
  32 plants (D:3)
33 creatures vanquished.

Grand Total: 98 creatures vanquished

Notes
Turn   | Place    | Note
-------+----------+-------------------------------------------
     0 | D:1      | Elric the Djinni Cinder Acolyte began the quest for the
                  | Orb.
     0 | D:1      | Elric set off with the following spells memorised: Scorch.
     0 | D:1      | Reached XP level 1. HP: 20/20 MP: 0/0
   154 | D:1      | Reached XP level 2. HP: 7/25 MP: 0/0
   561 | D:1      | Reached XP level 3. HP: 28/30 MP: 0/0
   561 | D:1      | Learned a level 1 spell: Magic Dart
  1146 | D:2      | Identified the +8 mace of Brawling {spect, Str+5}
  1366 | D:2      | Found Agewnew's Book Emporium.
  1408 | D:2      | Reached XP level 4. HP: 35/35 MP: 0/0
  1945 | D:3      | Found Fewy's Weapon Shoppe.
  2191 | D:3      | Found an ornate altar of the Wu Jian Council.
  2211 | D:3      | Found a sparkling altar of Nemelex Xobeh.
  2344 | D:3      | Identified the +1 robe of Dishonesty {Dex+2}
  2636 | D:4      | Reached XP level 5. HP: 39/41 MP: 0/0
  2636 | D:4      | Learned a level 2 spell: Momentum Strike
  2680 | D:4      | Noticed an ogre
  2687 | D:4      | Killed an ogre
  2688 | D:4      | Reached skill level 4 in Fighting
  2828 | D:4      | Reached XP level 6. HP: 45/47 MP: 0/0
  2862 | D:4      | Noticed Dowan
  2868 | D:4      | Killed Dowan
  2869 | D:4      | Noticed Duvessa
  2875 | D:4      | Slain by Duvessa

Illustrated notes

Levels and vault maps discovered:
D:1:      denvon_arrival_planthouse, layout_loops_ring,
          minmay_misc_feat_secret_circle, chequers_serial_rivers_micro_e
D:2:      layout_loops_cross, serial_shops, shop
D:3:      layout_basic, mainiacjoe_overflow_catch_the_wave, serial_shops,
          nicolae_shop_bloodbath_and_beyond
D:4:      layout_basic, mainiacjoe_overflow_catwalk, minmay_misc_feat_x,
          kennysheep_generic_room_7, uniq_duvessa

Skill      XL: |  1  2  3  4  5 |
---------------+----------------+-----
Maces & Flails | 3 |  3.8
Spellcasting   | 3 |  3.5
Fighting       | 4 |  4.5

Action                   |  1- 3 |  4- 6 || total
-------------------------+-------+-------++-------
Melee: Mace              |    48 |    50 ||    98
       Punch             |     1 |       ||     1
 Cast: Scorch            |    18 |     9 ||    27
       Magic Dart        |       |     8 ||     8
       Momentum Strike   |       |     2 ||     2
  Use: Potion            |       |     2 ||     2
Armor: Robe              |    16 |     3 ||    19
Dodge: Dodged            |    46 |    30 ||    76

Table legend: (Time is in decaauts)
 A = Elapsed time spent in this place.
 B = Non-inter-level travel time spent in this place.
 C = Inter-level travel time spent in this place.
 D = Time resting spent in this place.
 E = Time spent auto-exploring this place.
 F = Levels seen in this place.
 G = Mean time per level.
                   A        B        C        D        E       F      G
               +--------+--------+--------+--------+--------+-----+--------+
         Total |   2898 |   2715 |    183 |     76 |   2215 |   4 |  724.5 |
       Dungeon |   2898 |   2715 |    183 |     76 |   2215 |   4 |  724.5 |
               +--------+--------+--------+--------+--------+-----+--------+

Top non-repeatable levels by time:
     D:1: 1079 daAuts
     D:3: 783 daAuts
     D:2: 750 daAuts
     D:4: 284 daAuts
